 Dungeon Crawl Stone Soup version 0.26.0-45-g9c1d065592 (webtiles) character file.

Game seed: 4855360718171589267

12789 Gauvater the Cleaver (level 11, -2/101 HPs)
             Began as a Palentonga Fighter on Jan 28, 2021.
             Was an Elder of Wu Jian.
             Slain by a cyan ugly thing (12 damage)
             ... on level 11 of the Dungeon.
             The game lasted 01:21:24 (16195 turns).

Gauvater the Cleaver (Palentonga Fighter)          Turns: 16195, Time: 01:21:24

Health: -2/101     AC: 16    Str: 26    XL:     11   Next: 67%
Magic:  11/11      EV: 14    Int:  8    God:    Wu Jian [****..]
Gold:   540        SH: 12    Dex: 12    Spells: 10/10 levels left

rFire    . . .     SeeInvis +   a - +0 war axe
rCold    . . .     Faith    .   c - +1 kite shield
rNeg     . . .     Spirit   .   F - +0 leather armour "Vin Iropa" {*Slow Str+3 Dex+2 Stlth+}
rPois    .         Reflect  .   (no helmet)
rElec    .         Harm     .   O - scarf {shadows}
rCorr    .         Rampage  .   (no gloves)
Will     .....                  (no barding)
Stlth    ++........             p - amulet of magic regeneration
HPRegen  0.26/turn              G - +4 ring of evasion
MPRegen  0.37/turn              y - +4 ring of protection

@: studying Conjurations, curled up
A: large, rugged brown scales 3, see invisible, deformed body, roll 1, armoured
tail, reflexive curl
a: Rolling Charge, Renounce Religion, Wall Jump, Serpent's Lash


You were on level 11 of the Dungeon.
You worshipped Wu Jian.
Wu Jian was greatly pleased with you.
You visited 1 branch of the dungeon, and saw 11 of its levels.
You also visited: Bailey.

You collected 678 gold pieces.
You spent 138 gold pieces at shops.

Inventory:

Hand Weapons
 a - a +0 war axe (weapon)
 I - a +3 spear of freezing
 U - the +3 spear of Mor Awu {vorpal, rPois Dex-4 Stlth+}
   (You found it on level 10 of the Dungeon)

   It inflicts extra damage upon your enemies.
   It affects your dexterity (-4).
   It protects you from poison.
   It makes you more stealthy.
Missiles
 h - 3 boomerangs of dispersal
 m - 379 bolts
 n - 69 sling bullets
 q - 286 stones
 s - 59 poisoned darts
 E - 206 arrows
 K - 7 boomerangs
 P - 7 javelins
Armour
 b - a +0 scale mail
 c - a +1 kite shield (worn)
 F - the +0 leather armour "Vin Iropa" (worn) {*Slow Str+3 Dex+2 Stlth+}
   (You found it on level 6 of the Dungeon)

   It affects your strength (+3).
   It affects your dexterity (+2).
   It may slow you when you take damage.
   It makes you more stealthy.
 O - a scarf of shadows (worn)
Jewellery
 e - an uncursed ring of protection from fire
 k - an uncursed amulet of reflection
 p - an amulet of magic regeneration (around neck)
 y - a +4 ring of protection (right hand)
 G - a +4 ring of evasion (left hand)
 N - an uncursed ring of stealth
Wands
 j - a wand of acid (10)
 C - a wand of random effects (21)
 J - a wand of flame (19)
Scrolls
 f - 3 scrolls of enchant weapon
 g - 5 scrolls of amnesia
 v - 4 scrolls of teleportation
 x - 2 scrolls of summoning
 A - a scroll of fog
 D - 2 scrolls of magic mapping
 H - 2 scrolls of blinking
 R - a scroll of enchant armour
 S - a scroll of identify
 T - a scroll of immolation
 V - a scroll of remove curse
Potions
 d - a potion of brilliance {unknown}
 i - 4 potions of curing
 l - 2 potions of degeneration {unknown}
 o - 2 potions of invisibility {unknown}
 r - a potion of heal wounds {unknown}
 t - a potion of ambrosia
 u - a potion of flight {unknown}
 w - 2 potions of attraction {unknown}
 z - a potion of mutation {unknown}
 L - a potion of resistance {unknown}
 M - a potion of magic {unknown}
 Q - a potion of lignification
Books
 B - a manual of Conjurations


   Skills:
 * Level 8.7 Fighting
 + Level 11.0(11.3) Axes
 + Level 3.7(7.5) Polearms
 + Level 1.0 Throwing
 + Level 5.7 Armour
 + Level 4.1 Dodging
 - Level 0.2 Stealth
 + Level 6.9 Shields
 * Level 4.7 Evocations


You had 10 spell levels left.
You didn't know any spells.
Your spell library contained the following spells:

 Spells                   Type           Power        Failure   Level
 Foxfire                  Conj/Fire      0%           58%         1
 Confusing Touch          Hex            0%           92%         3
 Conjure Flame            Conj/Fire      0%           92%         3
 Gell's Gravitas          Tloc           0%           92%         3
 Fulminant Prism          Conj/Hex       0%           100%        4
 Petrify                  Tmut/Erth      0%           100%        4
 Fireball                 Conj/Fire      0%           100%        5
 Metabolic Englaciation   Hex/Ice        0%           100%        5
 Yara's Violent Unravell  Hex/Tmut       0%           100%        5


Dungeon Overview and Level Annotations

Branches:
Dungeon (11/15)            Temple (0/1) D:7            Lair (0/6) D:10
    Orc (0/2) D:10         Bailey (visited)

Altars:
Ashenzari
Dithmenos
Elyvilon
Gozag
Makhleb
Okawaru
Qazlal
Sif Muna
Trog
Vehumet
Wu Jian
Xom
Zin
The Shining One

Shops:
D:4 [   D:8 (=[(   D:9 =(*?   D:10 *

Portals:
Trove: D:11 (give horn of Geryon)


Innate Abilities, Weirdness & Mutations

You are completely covered in rugged brown scales. (AC +3, +7% HP)
You have supernaturally acute eyesight. (SInv)
Armour fits poorly on your strangely shaped body.
You can roll at nearby foes to attack.
You have a long armoured tail.
You curl defensively after being hit.


Message History

You slash the cyan ugly thing! You block the cyan ugly thing's attack.
You closely miss the troll.
The troll is heavily wounded.
You closely miss the cyan ugly thing. You block the troll's attack. x2
The troll barely misses you.
The cyan ugly thing pecks you but does no damage.
You slash the cyan ugly thing!
Your tail-slap misses the cyan ugly thing.
The cyan ugly thing is moderately wounded.
You hit the troll. The troll closely misses you.
You block the troll's attack. x2
The cyan ugly thing pecks you. The cyan ugly thing shocks you!
You closely miss the cyan ugly thing.
The cyan ugly thing is moderately wounded.
You slash the troll! The troll bites you!
* * * LOW HITPOINT WARNING * * *
You block the troll's attack. The troll claws you but does no damage.
The cyan ugly thing pecks you!
* * * LOW HITPOINT WARNING * * *
The cyan ugly thing shocks you!
You die...

.##........# .....
...........# ###
..........)....###∩###
................#.....#
....#.......)...#.#.#.#
..........##....#.....#
........# #....#.#.#.#
........# #..#.#.....#
##..@.###....#.#.#.#
#........####.#.....#
..........## #.###'###
......#...# #.....#
.#....##### #######
##... #..


You could see a cyan ugly thing and a troll.

Vanquished Creatures
  2 two-headed ogres
  An unseen horror (D:10)
  An orc knight (Bailey)
  Pikel (D:5)
  Psyche (D:11)
  2 trolls (D:9)
  Grinder (D:5)
  A vampire (D:10)
  10 yaks
  A shadow (D:10)
  3 wyverns
  2 basilisks (D:10)
  Menkaure (D:4)
  Edmund (D:4)
  3 water moccasins (D:10)
  13 orc warriors
  An ice beast (D:9)
  2 sky beasts
  A phantom (D:8)
  6 ogres
  5 centaurs
  2 big kobolds
  12 bullfrogs
  6 scorpions
  6 killer bees
  4 wights
  A crimson imp (D:8)
  3 bullfrog zombies
  4 jellies
  4 orc priests
  5 hounds
  2 centaur skeletons
  2 centaur zombies
  6 orc wizards
  4 bullfrog skeletons
  Natasha (thrice) (D:4)
  3 iguanas
  5 worker ants
  5 hound skeletons
  A howler monkey zombie (D:10)
  13 adders
  10 gnolls
  A howler monkey skeleton (D:3)
  A shadow imp (D:5)
  A white imp (D:6)
  4 ufetubi
  8 oozes
  An adder zombie (D:5)
  An adder skeleton (D:6)
  5 worms
  2 dart slugs
  6 leopard geckos
  55 orcs
  9 bats
  11 giant cockroaches
  10 goblins
  9 hobgoblins
  6 jackals
  6 quokkas
  2 ball pythons
  6 frilled lizards
  A giant cockroach zombie (D:5)
  A jackal skeleton (D:4)
  21 kobolds
  5 rats
332 creatures vanquished.

Vanquished Creatures (others)
  An orc (D:9)
  4 fungi (D:10)
  14 plants (D:10)
19 creatures vanquished.

Grand Total: 351 creatures vanquished

Notes
Turn   | Place    | Note
-------+----------+-------------------------------------------
     0 | D:1      | Gauvater the Palentonga Fighter began the quest for the
                  | Orb.
     0 | D:1      | Reached XP level 1. HP: 20/20 MP: 1/1
   347 | D:1      | Reached XP level 2. HP: 27/27 MP: 2/2
   963 | D:1      | Reached XP level 3. HP: 33/33 MP: 3/3
  1497 | D:2      | Found a shimmering blue altar of Sif Muna.
  1800 | D:2      | Reached XP level 4. HP: 37/40 MP: 4/4
  1858 | D:2      | Found a shimmering altar of Xom.
  1862 | D:2      | Found a shimmering altar of Xom.
  1864 | D:2      | Found a shimmering altar of Xom.
  1865 | D:2      | Found a shimmering altar of Xom.
  1865 | D:2      | Found a shimmering altar of Xom.
  1866 | D:2      | Found a shimmering altar of Xom.
  2512 | D:3      | Reached skill level 3 in Axes
  2520 | D:3      | Reached XP level 5. HP: 8/48 MP: 5/5
  2956 | D:3      | Found a radiant altar of Vehumet.
  3151 | D:3      | Found an opulent altar of Gozag.
  3332 | D:4      | Noticed Edmund
  3963 | D:4      | Killed Edmund
  3964 | D:4      | Reached skill level 1 in Dodging
  3964 | D:4      | Reached XP level 6. HP: 14/50 MP: 6/6
  4212 | D:4      | Noticed Menkaure
  4213 | D:4      | Noticed Natasha
  4224 | D:4      | Killed Menkaure
  4225 | D:4      | Reached skill level 4 in Axes
  4293 | D:4      | Killed Natasha
  4377 | D:4      | Gained mutation: You curl defensively after being hit.
                  | [Palentonga growth]
  4377 | D:4      | Reached XP level 7. HP: 52/63 MP: 7/7
  4781 | D:4      | Reached skill level 5 in Axes
  4967 | D:4      | Noticed Natasha
  4968 | D:4      | Killed Natasha
  4970 | D:4      | Found Juerph's Antique Armour Shoppe.
  5134 | D:4      | Found a glowing golden altar of the Shining One.
  5134 | D:4      | Found a glowing silver altar of Zin.
  5134 | D:4      | Found a white marble altar of Elyvilon.
  5203 | D:4      | Noticed Natasha
  5210 | D:4      | Killed Natasha
  5344 | D:5      | Entered Level 5 of the Dungeon
  5344 | D:5      | Found a broken altar of Ashenzari.
  5423 | D:5      | Noticed Pikel
  5617 | D:5      | Killed Pikel
  5618 | D:5      | Reached skill level 6 in Axes
  5618 | D:5      | Reached XP level 8. HP: 64/71 MP: 8/8
  5676 | D:5      | Found a bloodstained altar of Trog.
  5791 | D:5      | Noticed Grinder
  5809 | D:5      | Killed Grinder
  5810 | D:5      | Reached skill level 7 in Axes
  5810 | D:5      | Reached skill level 5 in Armour
  6122 | D:5      | Reached skill level 5 in Fighting
  6195 | D:6      | Got a distressingly furry leather armour
  6205 | D:6      | Identified the cursed +0 leather armour "Vin Iropa" {*Slow
                  | Str+3 Dex+2 Stlth+} (You found it on level 6 of the
                  | Dungeon)
  6559 | D:6      | Found an iron altar of Okawaru.
  6913 | D:6      | Found an ornate altar of the Wu Jian Council.
  6923 | D:6      | Became a worshipper of the Wu Jian Council
  6933 | D:6      | Reached XP level 9. HP: 64/78 MP: 9/9
  7019 | D:6      | Noticed a two-headed ogre
  7030 | D:6      | Killed a two-headed ogre
  7031 | D:6      | Reached skill level 8 in Axes
  7531 | D:6      | Reached skill level 9 in Axes
  7815 | D:7      | Reached skill level 5 in Shields
  8344 | D:7      | Reached * piety under Wu Jian
  8360 | D:7      | Found a staircase to the Ecumenical Temple.
  8787 | D:8      | Found Cirugres's Armour Shoppe.
  8928 | D:8      | Reached skill level 1 in Polearms
  9456 | D:8      | Identified Sif Muna's Disquisition on Malediction and the
                  | Volcanoes
  9508 | D:8      | Reached XP level 10. HP: 84/88 MP: 10/10
  9591 | D:8      | Found Furphafa's Jewellery Shop.
  9593 | D:8      | Found Wagokk's Weapon Shop.
  9641 | D:8      | Found a burning altar of Makhleb.
  9807 | D:8      | Found a shadowy altar of Dithmenos.
  9898 | D:8      | Noticed a two-headed ogre
  9900 | D:8      | Found Piumar's Antique Weapon Boutique.
  9908 | D:8      | Killed a two-headed ogre
  9909 | D:8      | Reached skill level 1 in Evocations
 10590 | D:9      | Found Apnoatuu's Weapon Shop.
 10638 | D:9      | Found Aterch's Jewellery Boutique.
 10659 | D:9      | Found Qoffe's General Store.
 10666 | D:9      | Found Ukacwoev's Magic Scroll Emporium.
 10704 | D:9      | Found a stormy altar of Qazlal.
 10737 | D:9      | Found a flagged portal.
 10745 | Bailey   | Entered a bailey
 10958 | Bailey   | Reached ** piety under Wu Jian
 11168 | Bailey   | Found a roughly hewn altar of Beogh.
 11168 | Bailey   | Noticed an orc knight
 11188 | Bailey   | Reached skill level 10 in Axes
 11189 | Bailey   | Killed an orc knight
 11963 | D:9      | Reached skill level 1 in Throwing
 12036 | D:9      | Bought a scroll of remove curse for 33 gold pieces
 12036 | D:9      | Bought a scroll of identify for 22 gold pieces
 12036 | D:9      | Bought a scroll of identify for 22 gold pieces
 12036 | D:9      | Bought a scroll of identify for 22 gold pieces
 12197 | D:9      | Reached *** piety under Wu Jian
 12944 | D:10     | Entered Level 10 of the Dungeon
 12956 | D:10     | Reached XP level 11. HP: 99/99 MP: 11/11
 12971 | D:10     | Got a dazzling spear
 12980 | D:10     | Identified the cursed +3 spear of Mor Awu {vorpal, rPois
                  | Dex-4 Stlth+} (You found it on level 10 of the Dungeon)
 13061 | D:10     | Noticed a five-headed hydra
 13064 | D:10     | Noticed an unseen horror
 13121 | D:9      | Bought a scroll of remove curse for 39 gold pieces
 13538 | D:11     | Noticed a boulder beetle
 13612 | D:11     | Noticed a two-headed ogre
 13614 | D:11     | Noticed Psyche
 14001 | D:10     | Reached **** piety under Wu Jian
 14361 | D:10     | Found Ocwon's General Store.
 14766 | D:10     | Killed an unseen horror
 14914 | D:10     | Found a staircase to the Orcish Mines.
 14934 | D:10     | Found a staircase to the Lair.
 16136 | D:11     | Found a portal to a secret trove of treasure.
 16177 | D:11     | Killed Psyche
 16177 | D:11     | Noticed a cyan ugly thing
 16178 | D:11     | Reached skill level 11 in Axes
 16195 | D:11     | Slain by a cyan ugly thing

Illustrated notes

Levels and vault maps discovered:
D:1:      nagdon_arrival_double_spiral, layout_basic
D:2:      layout_loops_ring, xom_redecorated, overflow_temple_1_default
D:3:      layout_basic, general_overflow_altar,
          nicolae_gozag_cash_rules_everything_around_me
D:4:      layout_cave_pools, good_gods_mini_temple, serial_shops,
          nicolae_shop_trees, cheibrodos_sewer_entry_sluice,
          kennysheep_generic_room_7, uniq_natasha, uniq_menkaure, uniq_edmund
D:5:      minmay_chambers_of_fours, layout_loops_ring,
          ashenzari_conservatory_becter, fountainhead, trog_butcher_becter,
          uniq_pikel, uniq_grinder
D:6:      layout_basic, okawaru_metal_pillars_1_2, nzn_wu_jian_contemplation
D:7:      layout_cave_pods, minmay_temple_entry_wispy
D:8:      minmay_s_stair_smasher, layout_basic, nicolae_dithmenos_shadow_blocks,
          makhleb_grotto_becter, serial_shops, nicolae_shop_stone, shop, shop,
          kennysheep_mini, ebering_dispersal_statue_hall, hangedman_decor_lopped
D:9:      layout_irregular_city, grunt_qazlal_clouds, enter_bailey_2,
          serial_shops, nicolae_shop_temple_entry_statues_fountains,
          nicolae_shop_crystal, shop, shop_statue
D:10:     nzn_winding_woodlands_small [nzn_winding_woodlands_5x15_pockets,
          nzn_winding_woodlands_center_triple_pond,
          nzn_winding_woodlands_5x15_split_checker], layout_gridville,
          minmay_lair_entry_grove, serial_shops, shop, pond
D:11:     layout_cave_pools, nicolae_trove_entry_columns, ebering_ghost_xom,
          basic_altar, uniq_erolcha, uniq_psyche

Skill      XL: |  1  2  3  4  5  6  7  8  9 10 11 |
---------------+----------------------------------+-----
Armour         | 3 4 5 |  5.7
Shields        | 3 4 5 6 |  6.9
Axes           | 3 4 6 7 9 10 11 | 11.0
Dodging        | 1 2 3 4 |  4.1
Fighting       | 4 5 6 7 8 |  8.7
Polearms       | 2 3 |  3.7
Evocations     | 3 4 |  4.7
Throwing       | 1 |  1.0
Stealth        | |  0.2

Action                   |  1- 3 |  4- 6 |  7- 9 | 10-12 || total
-------------------------+-------+-------+-------+-------++-------
Melee: War axe           |   101 |   167 |   282 |   415 ||   965
       Tailslap          |    11 |    19 |    50 |    81 ||   161
       Trident           |       |       |    71 |    37 ||   108
       Spear             |       |       |       |    97 ||    97
Throw: Dart              |       |       |     2 |       ||     2
       Boomerang         |       |       |       |    16 ||    16
       Javelin           |       |       |       |     1 ||     1
Invok: Lunge             |       |       |     3 |    12 ||    15
       Whirlwind         |       |       |     2 |    58 ||    60
       Serpent's Lash    |       |       |       |     1 ||     1
 Abil: Rolling Charge    |     1 |    19 |    34 |    48 ||   102
       Wall Jump         |       |       |       |     5 ||     5
  Use: Potion            |       |     4 |       |     5 ||     9
       Scroll            |       |       |     4 |    14 ||    18
 Stab: Sleeping          |       |       |     1 |     5 ||     6
Armor: Scale mail        |    73 |    88 |    67 |       ||   228
       Leather armour    |       |       |    42 |    80 ||   122
Dodge: Dodged            |    21 |    41 |   104 |   204 ||   370
Block: Kite shield       |    51 |    99 |   224 |   422 ||   796
       Reflection        |       |       |    16 |    42 ||    58
